Map: Hotkey Trainer - Patch 4.0

Players

Erfeyah

  • Race: Terran Terran
  • Spawn Location: 5:00

VOD

Have the link to the VOD?

Description

Time

  • Played on: Nov. 28, 2017, 8:49 a.m.
  • Length: 19:52
Show
View Real Time Build Order
Export as new Build Order

Erfeyah Terran 

Build Orders:  

Get SALT Encoding   

  1  0:27  SCV  
  1  0:36  Unknown  
  1  0:54  Missile Turret  
  1  0:57  Supply Depot  
  1  1:00  Supply Depot  
  1  1:04  Supply Depot  
  1  1:12  Supply Depot  
  1  1:14  Bunker  
  1  1:23  Command Center  
  1  1:26  Refinery  
  1  1:28  Supply Depot  
  1  2:02  Fusion Core  
  1  2:16  Engineering Bay  
  1  2:36  Armory  
  1  2:42  Bunker  
  1  2:45  Barracks  
  1  2:48  Command Center  
  1  2:52  Starport  
  1  3:11  Factory  
  1  3:27  Bunker  
  1  3:30  Missile Turret  
  1  3:33  Refinery  
  1  3:36  Bunker  
  1  3:38  Command Center  
  1  3:40  Sensor Tower  
  1  3:45  Factory  
  1  3:48  Starport  
  1  3:50  Supply Depot  
  1  3:51  Command Center  
  1  3:53  Bunker  
  1  4:02  Bunker  
  1  4:07  Starport  
  1  4:09  Supply Depot  
  1  4:17  Bunker  
  1  4:25  Factory  
  1  4:27  Barracks  
  1  4:30  Sensor Tower  
  1  4:33  Sensor Tower  
  1  4:41  Engineering Bay  
  1  4:49  Armory  
  1  4:52  Starport  
  1  5:27  Ghost Academy  
  1  5:46  Missile Turret  
  1  5:48  Missile Turret  
  1  5:49  Missile Turret  
  1  5:50  Missile Turret  
  1  5:51  Bunker  
  1  5:57  Bunker  
  1  6:05  Armory  
  1  6:14  Fusion Core  
  1  6:19  Fusion Core  
  1  6:23  Factory  
  1  6:26  Bunker  
  1  6:39  Engineering Bay  
  1  6:42  Refinery  
  1  6:51  Ghost Academy  
  1  6:55  Bunker  
  1  7:02  Factory  
  1  7:12  Engineering Bay  
  1  7:14  Bunker  
  1  7:22  Factory  
  1  7:25  Armory  
  1  7:28  Starport  
  1  7:43  Sensor Tower  
  1  7:45  Armory  
  1  7:50  Fusion Core  
  1  8:08  Engineering Bay  
  1  8:10  Barracks  
  1  8:12  Engineering Bay  
  1  8:14  Factory  
  1  8:20  Armory  
  1  8:25  Factory  
  1  8:29  Ghost Academy  
  1  8:37  Fusion Core  
  1  8:41  Bunker  
  1  8:43  Barracks  
  1  8:45  Barracks, Missile Turret  
  1  8:47  Refinery  
  1  8:49  Supply Depot  
  1  8:50  Supply Depot  
  1  8:51  Supply Depot x2  
  1  8:53  Supply Depot  
  1  8:54  Supply Depot  
  1  8:56  Supply Depot  
  1  8:57  Supply Depot  
  1  8:59  Supply Depot  
  1  9:00  Supply Depot  
  1  9:08  Missile Turret  
  1  9:10  Missile Turret x2  
  1  9:11  Missile Turret  
  1  9:12  Factory  
  1  9:14  Missile Turret  
  1  9:15  Barracks  
  1  9:19  Sensor Tower  
  1  9:21  Supply Depot  
  1  9:22  Starport  
  1  9:24  Supply Depot  
  1  9:26  Starport  
  1  9:28  Missile Turret  
  1  9:30  Starport  
  1  9:31  Refinery  
  1  9:34  Sensor Tower  
  1  9:35  Supply Depot  
  1  9:38  Missile Turret  
  1  9:40  Factory  
  1  9:47  Fusion Core  
  1  9:52  Fusion Core  
  1  9:56  Ghost Academy  
  1  10:02  Command Center  
  1  10:09  Starport  
  1  10:11  Barracks  
  1  10:14  Ghost Academy  
  1  10:17  Command Center  
  1  10:20  Supply Depot  
  1  10:21  Factory  
  1  10:24  Bunker  
  1  10:26  Fusion Core  
  1  10:28  Bunker  
  1  10:31  Supply Depot  
  1  10:33  Ghost Academy  
  1  10:35  Supply Depot  
  1  10:44  Sensor Tower  
  1  10:47  Engineering Bay  
  1  10:49  Sensor Tower  
  1  10:51  Engineering Bay  
  1  10:52  Starport  
  1  10:54  Refinery  
  1  10:57  Sensor Tower  
  1  10:59  Command Center  
  1  11:01  Missile Turret  
  1  11:02  Refinery  
  1  11:05  Missile Turret  
  1  11:06  Bunker  
  1  11:08  Ghost Academy  
  1  11:16  Armory  
  1  11:18  Starport  
  1  11:19  Supply Depot  
  1  11:23  Bunker  
  1  11:26  Sensor Tower  
  1  11:33  Engineering Bay  
  1  11:37  Armory  
  1  11:39  Bunker  
  1  11:43  Sensor Tower  
  1  11:46  Barracks  
  1  11:47  Bunker  
  1  12:21  Armory  
  1  12:24  Engineering Bay  
  1  12:26  Command Center  
  1  12:28  Bunker  
  1  12:29  Refinery  
  1  12:35  Starport  
  1  12:40  Supply Depot  
  1  12:48  Engineering Bay  
  1  12:52  Bunker  
  1  12:54  Armory  
  1  12:57  Refinery  
  1  13:01  Fusion Core  
  1  13:03  Armory  
  1  13:04  Barracks  
  1  13:08  Missile Turret  
  1  13:11  Refinery  
  1  13:13  Sensor Tower  
  1  13:20  Engineering Bay  
  1  13:23  Factory  
  1  13:26  Engineering Bay  
  1  13:28  Sensor Tower  
  1  13:30  Barracks  
  1  13:32  Starport  
  1  13:34  Supply Depot  
  1  13:35  Starport  
  1  13:38  Refinery  
  1  13:41  Factory  
  1  13:45  Ghost Academy  
  1  13:49  Fusion Core  
  1  13:50  Starport  
  1  13:53  Engineering Bay  
  1  13:54  Barracks  
  1  13:59  Armory  
  1  14:02  Command Center  
  1  14:07  Engineering Bay  
  1  14:08  Armory  
  1  14:10  Ghost Academy  
  1  14:26  Armory  
  1  14:28  Ghost Academy  
  1  14:32  Fusion Core  
  1  14:34  Barracks  
  1  14:36  Refinery  
  1  14:37  Barracks  
  1  14:39  Refinery  
  1  14:40  Barracks, Refinery  
  1  14:41  Barracks  
  1  14:42  Barracks, Refinery  
  1  14:43  Refinery  
  1  14:45  Barracks  
  1  14:46  Refinery  
  1  14:50  Ghost Academy  
  1  14:52  Starport  
  1  15:05  Missile Turret  
  1  15:09  Refinery  
  1  15:11  Sensor Tower  
  1  15:13  Starport  
  1  15:17  Engineering Bay  
  1  15:19  Barracks  
  1  15:20  Supply Depot  
  1  15:23  Bunker  
  1  15:25  Missile Turret  
  1  15:27  Factory  
  1  15:41  Factory  
  1  15:42  Factory  
  1  15:43  Factory  
  1  15:44  Factory x2  
  1  15:45  Factory  
  1  15:53  Armory  
  1  15:55  Barracks  
  1  15:57  Missile Turret  
  1  15:59  Missile Turret  
  1  16:00  Supply Depot  
  1  16:03  Missile Turret  
  1  16:04  Supply Depot  
  1  16:14  Factory  
  1  16:16  Bunker  
  1  16:21  Fusion Core  
  1  16:24  Sensor Tower  
  1  16:29  Starport  
  1  16:38  Engineering Bay  
  1  16:48  Supply Depot  
  1  16:54  Fusion Core  
  1  16:58  Armory  
  1  16:59  Supply Depot  
  1  17:01  Armory  
  1  17:02  Armory  
  1  17:03  Armory  
  1  17:05  Sensor Tower  
  1  17:07  Factory  
  1  17:10  Armory  
  1  17:18  Armory  
  1  17:22  Fusion Core  
  1  17:24  Barracks  
  1  17:26  Factory  
  1  17:29  Stimpack x2, Fusion Core  
  1  17:30  Stimpack x2  
  1  17:32  Armory  
  1  17:34  Engineering Bay  
  1  17:36  Fusion Core  
  1  17:39  Fusion Core  
  1  17:41  Armory, Stimpack x2  
  1  17:45  Fusion Core  
  1  17:48  Factory  
  1  17:52  Fusion Core  
  1  17:54  Barracks  
  1  17:56  Fusion Core  
  1  17:58  Bunker  
  1  18:00  Starport  
  1  18:02  Ghost Academy  
  1  18:04  Factory  
  1  18:06  Sensor Tower, Corvid Reactor x2  
  1  18:09  Combat Shields x2  
  1  18:12  Combat Shields x2, Barracks  
  1  18:13  Refinery  
  1  18:15  Engineering Bay  
  1  18:17  Sensor Tower  
  1  18:18  Drilling Claws x2  
  1  18:19  Fusion Core  
  1  18:20  Starport  
  1  18:21  High Capacity Fuel Tanks x2, Combat Shields x2  
  1  18:23  High Capacity Fuel Tanks x2, Medivac  
  1  18:25  Banshee  
  1  18:26  Command Center  
  1  18:27  Supply Depot, Viking  
  1  18:29  Bunker  
  1  18:31  Refinery  
  1  18:37  Fusion Core  
  1  18:39  Viking  
  1  18:43  SCV, Unknown x2  
  1  18:47  SCV, Unknown  
    18:51  Concussive Shells x2  
    18:53  Unknown  
    18:55  Unknown  
    18:57  Unknown  
    18:59  Unknown  
    19:08  Unknown  
    19:09  Unknown  
    19:14  Unknown x2  
    19:25  Unknown x2  
    19:34  Unknown x2  
    19:37  Unknown x2  
    19:42  Unknown x2  
Tags
 
Add a new tag
Caveats
  • Supply blocks, unpowered buildings, or Contaminate may cause inaccurate times.
  • Supply counts are checked every 10 seconds.